 Dungeon Crawl Stone Soup version 0.16.0 (webtiles) character file.

52 Fiveotanaka the Conjurer (level 3, -1/28 HPs)
             Began as a Naga Fire Elementalist on Mar 22, 2015.
             Slain by an adder (3 damage)
             ... on level 3 of the Dungeon.
             The game lasted 00:04:45 (2078 turns).

Fiveotanaka the Conjurer (Naga Fire Elementalist)   Turns: 2078, Time: 00:04:46

Health: -1/28      AC:  2    Str: 10    XL:     3   Next: 85%
Magic:  1/6        EV: 10    Int: 16    God:
Gold:   138        SH:  0    Dex: 11    Spells: 2 memorised, 3 levels left

rFire  + . .     SeeInvis +     d - +0 club (curse)
rCold  x . .     Clarity  .     a - +0 robe
rNeg   . . .     SustAb   .     (no shield)
rPois  +         Gourm    .     (no helmet)
rElec  .         Spirit   .     (no cloak)
rCorr  .         Warding  .     (no gloves)
rMut   .         Stasis   .     (no barding)
MR     .....                    (no amulet)
Stlth  ++........               (no ring)
                                h - ring of fire

@: lethally poisoned (-1 -> -3), very slightly contaminated, very slow, not
resistant to hostile enchantments, unstealthy
A: spit poison, see invisible, deformed body, poison resistance, slowness 2, AC
+1
a: Spit Poison


You were on level 3 of the Dungeon.
You were hungry.

You visited 1 branch of the dungeon, and saw 3 of its levels.

You collected 138 gold pieces.

Inventory:

Hand weapons
 d - a cursed +0 club (weapon)
Missiles
 e - 67 stones (quivered)
 g - 7 poisoned needles
Armour
 a - a +0 robe (worn)
Jewellery
 h - a ring of fire (left hand)
Scrolls
 f - 3 scrolls of identify {unknown}
 j - 2 scrolls of teleportation {unknown}
 l - a scroll of blinking {unknown}
 m - a scroll of enchant armour {unknown}
Potions
 k - 3 potions of heal wounds {unknown}
Books
 b - a book of Flames

   Spells                             Type                      Level
   a - Flame Tongue                   Conjuration/Fire             1
   b - Throw Flame                    Conjuration/Fire             2
   c - Conjure Flame                  Conjuration/Fire             3
   d - Inner Flame                    Hexes/Fire                   3
   e - Sticky Flame                   Conjuration/Fire             4
   f - Fireball                       Conjuration/Fire             5
Comestibles
 c - 3 bread rations
 i - a meat ration


   Skills:
 - Level 1.5 Dodging
 - Level 3.0 Stealth
 - Level 2.0 Spellcasting
 + Level 3.5 Conjurations
 - Level 3.0 Fire Magic


You had 3 spell levels left.
You knew the following spells:

 Your Spells              Type           Power        Failure   Level  Hunger
a - Flame Tongue          Conj/Fire      ###..        8%          1    #......
b - Throw Flame           Conj/Fire      ###...       10%         2    ###....


Dungeon Overview and Level Annotations

Branches:
Dungeon (3/15)

Altars:
Ashenzari
Okawaru


Innate Abilities, Weirdness & Mutations

You cannot wear boots.
You can spit poison.
Your serpentine skin is tough (AC +1).
You have supernaturally acute eyesight.
Armour fits poorly on your strangely shaped body.
Your system is resistant to poisons.
You cover ground very slowly.


Message History

Press: ? - help, Shift-Dir - straight line, f/p - jackal
Aim: a jackal The splash of poison hits the jackal.
The jackal is poisoned.
You kill the jackal!
You feel slightly more hungry. The adder barely misses you.
You closely miss the adder. The adder bites you.
You are poisoned.
The adder poisons you!
You closely miss the adder.
You feel sick. The adder closely misses you. The adder bites you.
You closely miss the adder. The adder closely misses you. The adder bites you.
You barely miss the adder. The adder bites you.
* * * LOW HITPOINT WARNING * * *
You hit the adder.
The adder is moderately wounded.
You have got your breath back.
You feel sick. The adder bites you.
* * * LOW HITPOINT WARNING * * *
The adder bites you.
You die...

#.# #.# ###### #.#
......
#.########.#.#
####............##
#.................
#.###########....#
#. #.# ##.....
#..# #@# #......
#.... #S# ##.....
.......#######.#
##...#
h..........†...#
##...
.<.#############
#..# #..# #..#
#..# #..#


You could see an adder.

Vanquished Creatures
  2 worms (D:3)
  A giant gecko (D:1)
  2 giant cockroaches (D:1)
  5 hobgoblins
  2 jackals (D:3)
  7 kobolds
  3 ball pythons
  6 bats
  A giant newt (D:3)
  5 goblins
  5 rats
39 creatures vanquished.

Notes
Turn   | Place    | Note
--------------------------------------------------------------
     0 | D:1      | Fiveotanaka, the Naga Fire Elementalist, began the quest for the Orb.
     0 | D:1      | Reached XP level 1. HP: 15/15 MP: 3/3
     6 | D:1      | Noticed an iguana
     6 | D:1      | Noticed a polar bear
     6 | D:1      | Noticed a wolf
   204 | D:1      | Reached XP level 2. HP: 8/22 MP: 0/4
   212 | D:1      | HP: 1/22 [ball python (1)]
   916 | D:1      | Reached XP level 3. HP: 28/28 MP: 4/6
  1401 | D:2      | Found a shattered altar of Ashenzari.
  1405 | D:2      | Found an iron altar of Okawaru.
  1954 | D:3      | Learned a level 2 spell: Throw Flame
  2078 | D:3      | Slain by an adder

Action                   || total
-------------------------++-------
Melee: Unarmed           ||     7
       Club              ||    25
 Cast: Flame Tongue      ||    56
 Abil: Spit Poison       ||     8
  Eat: Chunk             ||     3
       Pizza             ||     1
